 Dungeon Crawl Stone Soup version 0.29.1-15-g9cfb28693d (webtiles) character file.

Game seed: 13397647946461021401

224 protoss039 the Digger (level 5, -5/41 HPs)
             Began as a Demonspawn Earth Elementalist on Mar 13, 2023.
             Killed from afar by an orc wizard (10 damage)
             ... with a magic dart
             ... on level 3 of the Dungeon.
             The game lasted 00:02:44 (1920 turns).

protoss039 the Digger (DsEE)                        Turns: 1920, Time: 00:02:45

Health: -5/41      AC:  3    Str:  8    XL:     5   Next: 67%
Magic:  3/10       EV: 11    Int: 19    God:
Gold:   44         SH:  4    Dex: 13    Spells: 5/11 levels left

rFire   . . .      SeeInvis .   e - +2 whip (elec)
rCold   . . .      Faith    .   (no shield)
rNeg    . . .      Spirit   .   d - +0 leather armour
rPois   .          Reflect  .   (no helmet)
rElec   .          Harm     .   (no cloak)
rCorr   .          Rampage  .   (no gloves)
Will    .....                   (no boots)
Stlth   ++........              (no amulet)
HPRegen 0.13/turn               (no ring)
MPRegen 0.12/turn               (no ring)

@: no status effects
A: hooves 2, large bone plates 1, powered by pain 1
a: no special abilities


You were on level 3 of the Dungeon.
You visited 1 branch of the dungeon, and saw 3 of its levels.

You collected 106 gold pieces.
You spent 62 gold pieces at shops.

Inventory:

Hand Weapons
 e - a +2 whip of electrocution (weapon)
Armour
 d - a +0 leather armour (worn)
Wands
 l - a wand of light (8)
Scrolls
 a - a scroll of identify
 f - a scroll of enchant weapon {unknown}
 g - 3 scrolls of teleportation
 h - 3 scrolls of blinking
 k - a scroll of butterflies {unknown}
 n - a scroll of poison {unknown}
 o - a scroll of magic mapping {unknown}
Potions
 b - a potion of magic
 c - a potion of curing
 i - a potion of degeneration {unknown}
 j - 2 potions of brilliance {unknown}
 m - a potion of lignification {unknown}


   Skills:
 + Level 3.0 Fighting
 - Level 1.7 Dodging
 - Level 1.7 Stealth
 + Level 3.5 Spellcasting
 - Level 0.8 Transmutations
 + Level 4.0 Earth Magic


You had 5 spell levels left.
You knew the following spells:

 Your Spells              Type           Power      Damage    Failure   Level
a - Sandblast             Erth           36%        2d10      4%          1
b - Passwall              Tmut/Erth      10%        N/A       12%         2
c - Stone Arrow           Conj/Erth      22%        3d8       28%         3

Your spell library contained the following spells:

 Spells                   Type           Power      Damage    Failure   Level
 Gell's Gravitas          Tloc           3%         N/A       54%         3
 Lesser Beckoning         Tloc           3%         N/A       54%         3
 Teleport Other           Tloc           3%         N/A       54%         3
 Petrify                  Tmut/Erth      12%        N/A       61%         4


Dungeon Overview and Level Annotations

Branches:
Dungeon (3/15) Zot: 16049

Altars:

Shops:
D:1 *[*


Innate Abilities, Weirdness & Mutations

You have hoof-like feet.
You are partially covered in large bone plates. (SH +4)
You sometimes gain a little power by taking damage.


Message History

Aiming: Sandblast (safe; 4% risk of failure)
Press: ? - help, Shift-Dir - straight line, f/p - kobold
Aim: a kobold, wielding a +0 short sword (77% to hit)
The blast of sand hits the kobold.
You kill the kobold!
The orc barely misses you. The orc hits you but does no damage.
You hear some strange, mumbled words.
A puff of flame appears from out of thin air!
The puff of flame misses you.
Casting: Sandblast (safe; 4% risk of failure)
Confirm with . or Enter, or press ? or * to list all spells.
Aiming: Sandblast (safe; 4% risk of failure)
Press: ? - help, Shift-Dir - straight line, f - orc
Aim: an orc, wielding a +0 trident (82% to hit)
The blast of sand hits something!
The orc barely misses you. Something hits you.
Unknown command.
Casting: Sandblast (safe; 4% risk of failure)
Confirm with . or Enter, or press ? or * to list all spells.
Aiming: Sandblast (safe; 4% risk of failure)
Press: ? - help, Shift-Dir - straight line, f/p - orc
Aim: an orc, wielding a +0 trident (82% to hit)
The blast of sand misses the orc.
The orc hits you from afar with a +0 trident.
* * * LOW HITPOINT WARNING * * *
Something hits you.
* * * LOW HITPOINT WARNING * * *
The orc hits you from afar with a +0 trident.
* * * LOW HITPOINT WARNING * * *
You hear some strange, mumbled words.
You are confused.
Unknown command.
You're too confused to cast spells.
You feel better.
The orc hits you from afar with a +0 trident.
* * * LOW HITPOINT WARNING * * *
You hear some strange, mumbled words.
A magic dart appears from out of thin air!
The magic dart hits you!
You die...

#......# ......# .....#
.....# .# ....# ....# .#
# #...# ...# .# #.##...#
#).####.# .#.#.##...#
#o.......
.#.#......#######{#####.#
................@........
.#.####.................#
...............##########
..†#.###..###### .###.#
#..# .....####.#
.###....#.# .# #.####.#
## ### ###


You could see an orc.

Vanquished Creatures
  Sigmund (D:2)
  2 adders (D:2)
  2 worms (D:2)
  A dart slug (D:2)
  3 orcs (D:3)
  3 endoplasms
  6 giant cockroaches
  2 hobgoblins (D:2)
  2 quokkas (D:2)
  5 ball pythons
  3 bats (D:1)
  5 frilled lizards
  3 goblins
  5 kobolds
  4 rats
47 creatures vanquished.

Notes
Turn   | Place    | Note
-------+----------+-------------------------------------------
     0 | D:1      | protoss039 the Demonspawn Earth Elementalist began the
                  | quest for the Orb.
     0 | D:1      | Reached XP level 1. HP: 13/13 MP: 3/3
   101 | D:1      | Found Amus's Antique Armour Emporium.
   325 | D:1      | Found Riwubry's General Store.
   332 | D:1      | Bought a scroll of identify for 20 gold pieces
   504 | D:1      | Gained mutation: You have large cloven feet. [demonic
                  | ancestry]
   504 | D:1      | Reached XP level 2. HP: 20/20 MP: 5/5
   606 | D:1      | Found Yfaan's General Store.
   616 | D:1      | Bought a scroll of teleportation for 42 gold pieces
   732 | D:1      | Found a faded altar of an unknown god.
   831 | D:1      | Learned a level 2 spell: Passwall
   832 | D:2      | Noticed Sigmund
   898 | D:2      | Reached skill level 1 in Fighting
   904 | D:2      | Reached skill level 3 in Earth Magic
  1011 | D:2      | Gained mutation: You are partially covered in large bone
                  | plates. (SH +4) [demonic ancestry]
  1011 | D:2      | Reached XP level 3. HP: 26/26 MP: 4/6
  1556 | D:2      | Killed Sigmund
  1557 | D:2      | Reached skill level 4 in Earth Magic
  1557 | D:2      | Gained mutation: You sometimes gain a little power by
                  | taking damage. [demonic ancestry]
  1557 | D:2      | Reached XP level 4. HP: 33/34 MP: 2/9
  1557 | D:2      | Gained mutation: You have hoof-like feet. [demonic
                  | ancestry]
  1557 | D:2      | Reached XP level 5. HP: 39/40 MP: 2/10
  1870 | D:2      | Learned a level 3 spell: Stone Arrow
  1920 | D:3      | Killed from afar by an orc wizard

Illustrated notes

Levels and vault maps discovered:
D:1:      dpeg_arrival_lava_temple_mockup, layout_rooms,
          shapermc_ecumenical_altar_mp_vishouse, serial_shops,
          nicolae_lakefront_shop, nicolae_diamond_shop,
          nicolae_shop_hallway_plus, chequers_hall_statues_wall_a,
          minmay_tetromino_o4
D:2:      layout_rooms, kennysheep_generic_room_2, uniq_sigmund
D:3:      layout_basic, nicolae_qazlal_scattered_showers, serial_shops, shop

Skill      XL: |  1  2  3  4  5 |
---------------+----------------+-----
Fighting       | 1 2 3 |  3.0
Earth Magic    | 3 4 |  4.0
Spellcasting   | 3 |  3.5
Dodging        | |  1.7
Stealth        | |  1.7
Transmutations | |  0.8

Action                   |  1- 3 |  4- 6 || total
-------------------------+-------+-------++-------
Melee: Whip              |    30 |     8 ||    38
       Punch             |     1 |       ||     1
       Kick              |     2 |     2 ||     4
 Cast: Sandblast         |    40 |    14 ||    54
  Use: Scroll            |     1 |     1 ||     2
       Potion            |       |     1 ||     1
 Stab: Sleeping          |     1 |       ||     1
Armor: Leather armour    |    18 |     3 ||    21
       Robe              |     1 |       ||     1
Dodge: Dodged            |    37 |    12 ||    49
Block: Other             |     3 |     2 ||     5
